 Dungeon Crawl Stone Soup version 0.27-a0-1144-g0b7d3b79db (webtiles) character file.

Game seed: 7864287963006669111

90 wakim the Digger (level 4, -1/24 HPs)
             Began as a Gargoyle Earth Elementalist on May 10, 2021.
             Was a Follower of Yredelemnul.
             Killed by miscasting Stone Arrow (7 damage)
             ... on level 2 of the Dungeon.
             The game lasted 00:08:21 (3186 turns).

wakim the Digger (Gargoyle Earth Elementalist)      Turns: 3186, Time: 00:08:21

Health: -1/24      AC:  5    Str: 12    XL:     4   Next: 56%
Magic:  1/8        EV: 12    Int: 16    God:    Yredelemnul [*.....]
Gold:   49         SH:  0    Dex: 10    Spells: 4/8 levels left

rFire    . . .     SeeInvis .   b - +0 flail (protect)
rCold    . . .     Faith    .   (no shield)
rNeg     + . .     Spirit   .   c - +0 robe
rPois    ∞         Reflect  .   (no helmet)
rElec    +         Harm     .   (no cloak)
rCorr    .         Rampage  .   (no gloves)
Will     .....                  (no boots)
Stlth    ++........             (no amulet)
HPRegen  0.08/turn              (no ring)
MPRegen  0.11/turn              (no ring)

@: very slightly contaminated
A: sickness immunity, AC +3, negative energy resistance 1, electricity
resistance, torment resistance 1, petrification resistance
a: Renounce Religion, Animate Remains


You were on level 2 of the Dungeon.
You worshipped Yredelemnul.
Yredelemnul was aware of your devotion.
You visited 1 branch of the dungeon, and saw 3 of its levels.

You collected 49 gold pieces.

Inventory:

Hand Weapons
 a - a +0 mace
 b - a +0 flail of protection (weapon)
Missiles
 d - 13 poisoned darts
 s - 80 stones
Armour
 c - a +0 robe (worn)
Potions
 e - a potion of attraction {unknown}
 f - a potion of mutation {unknown}
 g - a potion of haste {unknown}
 i - a potion of curing {unknown}


   Skills:
 + Level 0.3 Fighting
 + Level 0.3 Maces & Flails
 + Level 2.1 Dodging
 - Level 2.1 Stealth
 * Level 2.7 Spellcasting
 * Level 0.9 Conjurations
 - Level 0.7 Transmutations
 * Level 4.9 Earth Magic


You had 4 spell levels left.
You knew the following spells:

 Your Spells              Type           Power      Damage    Failure   Level
a - Sandblast             Erth           34%        2d9       2%          1
x - Stone Arrow           Conj/Erth      22%        3d8       17%         3

Your spell library contained the following spells:

 Spells                   Type           Power      Damage    Failure   Level
 Passwall                 Tmut/Erth      9%         N/A       9%          2
 Petrify                  Tmut/Erth      11%        N/A       52%         4
 Lee's Rapid Deconstruct  Erth           8%         3d8*      56%         5


Dungeon Overview and Level Annotations

Branches:
Dungeon (3/15)

Altars:
Gozag
Yredelemnul

Shops:
D:2 !*:


Innate Abilities, Weirdness & Mutations

You are immune to sickness and miasma.
Your stone body is resilient. (AC +3)
You are immune to poison.
You resist negative energy. (rN+)
You are resistant to electric shocks. (rElec)
You are resistant to unholy torment.
You are immune to petrification.


Message History

Unknown command.
There is a stone staircase leading up here.
The iguana bites you but does no damage.
You climb upwards.
There is a stone staircase leading down here.
You closely miss the iguana. The iguana misses you.
The iguana closely misses you.
You barely miss the iguana. The iguana barely misses you.
You hit the iguana but do no damage.
Your weapon exudes an aura of protection.
The iguana barely misses you. The iguana bites you! The iguana bites you.
* * * LOW HITPOINT WARNING * * *
You closely miss the iguana. The iguana bites you!
* * * LOW HITPOINT WARNING * * *
Your magical contamination has completely faded away.
Casting: Stone Arrow (extremely dangerous; 17% risk of failure)
Confirm with . or Enter, or press ? or * to list all spells.
The spell is extremely dangerous to cast (17% risk of failure)!
Continue anyway?
Okay, then.
Unknown command.
Casting: Stone Arrow (extremely dangerous; 17% risk of failure)
Confirm with . or Enter, or press ? or * to list all spells.
The spell is extremely dangerous to cast (17% risk of failure)!
Continue anyway?
Aiming: Stone Arrow (extremely dangerous; 17% risk of failure)
Press: ? - help, Shift-Dir - straight line, f - iguana
Aim: an iguana (72% to hit)
The stone arrow misses the iguana.
The iguana bites you but does no damage.
Casting: Stone Arrow (extremely dangerous; 17% risk of failure)
Confirm with . or Enter, or press ? or * to list all spells.
The spell is extremely dangerous to cast (17% risk of failure)!
Continue anyway?
Aiming: Stone Arrow (extremely dangerous; 17% risk of failure)
Press: ? - help, Shift-Dir - straight line, f/p - iguana
Aim: an iguana (72% to hit)
You miscast Stone Arrow.
You are very lightly contaminated with residual magic.
The air around you crackles with energy!
You die...
Your body rises from the dead as a mindless zombie.

#..#...(.##..# #8.8.8#
#.#.......#..# #.⌠.⌠.#
#.##.)...#...# ##8)∩.8##
###..##...##)#)####..⌠.⌠..#######
......##.##.........8.8.8....)...
#####...##...#.##################
# ###...?..#.#
######..######.########
...............l@.....##
#####################..# ##.##
#..# ##.## #..# ##.## #..#
########## ##.##


You could see an iguana.

Vanquished Creatures
  4 gnolls
  An adder (D:2)
  3 dart slugs
  3 ball pythons (D:2)
  3 endoplasms
  A giant cockroach (D:2)
  6 goblins (D:1)
  A hobgoblin (D:1)
  2 quokkas (D:1)
  7 bats
  2 frilled lizards (D:1)
  3 kobolds
  2 rats (D:1)
38 creatures vanquished.

Notes
Turn   | Place    | Note
-------+----------+-------------------------------------------
     0 | D:1      | wakim the Gargoyle Earth Elementalist began the quest for
                  | the Orb.
     0 | D:1      | Reached XP level 1. HP: 10/10 MP: 3/3
   279 | D:1      | Reached skill level 4 in Earth Magic
   279 | D:1      | Reached XP level 2. HP: 15/15 MP: 1/5
   908 | D:1      | Reached XP level 3. HP: 19/19 MP: 6/6
   913 | D:1      | Found a faded altar of an unknown god.
  1407 | D:2      | Found Itzufaef's General Store.
  1453 | D:2      | Found an opulent altar of Gozag.
  1673 | D:2      | Found Foru's Book Shop.
  1791 | D:2      | Found Petack's Distillery.
  2047 | D:2      | Learned a level 3 spell: Stone Arrow
  2226 | D:2      | Reached XP level 4. HP: 22/24 MP: 3/7
  2263 | D:1      | HP: 1/24 [gnoll/+0 flail of protection (11)]
  2999 | D:1      | Became a worshipper of Yredelemnul the Dark
  2999 | D:1      | Reached * piety under Yredelemnul
  3186 | D:2      | Killed by miscasting Stone Arrow

Illustrated notes

Levels and vault maps discovered:
D:1:      lightli_arrival_lavapool, layout_basic,
          shapermc_ecumenical_altar_notcrosses, corexii_corridor_pit,
          st_stairs_12
D:2:      layout_basic, serial_shops, nicolae_shop_crystal, shop,
          nicolae_shop_temple_entry_statues_fountains, basic_altar,
          minmay_heptomino_w4
D:3:      layout_basic, nicolae_tso_besieged_by_evil,
          nicolae_dithmenos_through_a_glass_darkly, jmf_multi_god_temple2,
          portal_sewer_entry_a, serial_shops, shop, chequers_avenue, st_stairs_3

Skill      XL: |  1  2  3 |
---------------+----------+-----
Earth Magic    | 4 |  4.9
Dodging        | 2 |  2.1
Fighting       | |  0.3
Maces & Flails | |  0.3
Stealth        | |  2.1
Spellcasting   | |  2.7
Conjurations   | |  0.9
Transmutations | |  0.7

Action                   |  1- 3 |  4- 6 || total
-------------------------+-------+-------++-------
Melee: Unarmed           |    32 |       ||    32
       Short sword       |    32 |       ||    32
       Rapier            |     6 |       ||     6
       Mace              |    21 |     1 ||    22
       Flail             |       |     9 ||     9
Throw: Dart              |     1 |       ||     1
 Cast: Sandblast         |    18 |    14 ||    32
       Stone Arrow       |       |     1 ||     1
  Use: Scroll            |     2 |       ||     2
 Stab: Sleeping          |     1 |       ||     1
Armor: Robe              |    35 |     6 ||    41
Dodge: Dodged            |    75 |    18 ||    93

Table legend: (Time is in decaauts)
 A = Elapsed time spent in this place.
 B = Non-inter-level travel time spent in this place.
 C = Inter-level travel time spent in this place.
 D = Time resting spent in this place.
 E = Time spent auto-exploring this place.
 F = Levels seen in this place.
 G = Mean time per level.
                   A        B        C        D        E       F      G
               +--------+--------+--------+--------+--------+-----+--------+
         Total |   3202 |   2872 |    330 |     37 |   2325 |   3 | 1067.3 |
       Dungeon |   3202 |   2872 |    330 |     37 |   2325 |   3 | 1067.3 |
               +--------+--------+--------+--------+--------+-----+--------+

Top non-repeatable levels by time:
     D:1: 1804 daAuts
     D:2: 1377 daAuts
     D:3: 19 daAuts
